 Dungeon Crawl Stone Soup version 0.26-a0-438-g4b1dca4f87 (webtiles) character file.

Game seed: 7851068322241150223

(classic levelgen) 1685104 EnegeticOcto the Slayer (level 27, 261/261 (262) HPs)
             Began as a Palentonga Delver on July 24, 2020.
             Was the Champion of Nemelex Xobeh.
             Escaped with the Orb
             ... and 3 runes on July 26, 2020!
             The game lasted 01:58:35 (74386 turns).

EnegeticOcto the Slayer (Palentonga Delver)        Turns: 74386, Time: 01:58:35

HP:   261/261 (262) AC: 42    Str: 36    XL:     27
MP:   32/32         EV:  7    Int: 12    God:    Nemelex Xobeh [******]
Gold: 5731          SH: 32    Dex:  9    Spells: 26/26 levels left

rFire    + + +     SeeInvis +   b - +8 broad axe of Giofuthriraa {elec, MR+ Str+3 Int+3}
rCold    + + .     Faith    .   I - +5 tower shield
rNeg     + . .     Spirit   .   q - +8 gold dragon scales
rPois    +         Reflect  +   C - +2 helmet
rElec    +         Harm     .   R - +0 cloak "Puol" {rElec rF++ MR+ Dex-3}
rCorr    +                      V - +3 pair of gloves of Keman {rF+}
MR       +++++                  P - +0 barding
Stlth    ..........             H - amulet of reflection
HPRegen  0.53/turn              i - ring of Huxudav {rN+ MR+ Str+10 Int-5 Slay+3}
MPRegen  0.23/turn              k - ring "Zuaxta" {rC+ rCorr Int+2}

@: no status effects
A: large, fangs 1, rugged brown scales 3, see invisible, clumsy 1, deformed
body, fire resistance 1, low mp 1, sense surroundings 1, weak 1, evolution 1,
subdued magic 1, MP-powered wands, roll, armoured tail
0: Orb of Zot
}: 3/15 runes: barnacled, silver, gossamer
a: Rolling Charge, Draw Escape, Draw Destruction, Draw Summoning, Draw Stack,
Triple Draw, Deal Four, Stack Five, Renounce Religion


You escaped.
You worshipped Nemelex Xobeh.
Nemelex Xobeh was exalted by your worship.
You visited 9 branches of the dungeon, and saw 49 of its levels.
You visited the Abyss 1 time.
You visited 1 bazaar.
You also visited: Ossuary, Gauntlet and Wizlab.

You collected 9674 gold pieces.
You spent 3943 gold pieces at shops.

Inventory:

Hand Weapons
 a - a +9 vampiric broad axe
 b - the +8 broad axe of Giofuthriraa (weapon) {elec, MR+ Str+3 Int+3}
   (You took it off a deep elf knight on level 3 of the Elven Halls)

   Occasionally, upon striking a foe, it will discharge some electrical energy
   and cause terrible harm.
   It affects your strength (+3).
   It affects your intelligence (+3).
   It affects your resistance to hostile enchantments.
Missiles
 u - 56 javelins
 y - 96 boomerangs
 G - 10 throwing nets (quivered) {!f}
 Q - 10 curare-tipped darts
 W - 26 silver javelins
Armour
 q - +8 gold dragon scales (worn)
 C - a +2 helmet (worn)
 I - a +5 tower shield (worn)
 P - a +0 barding (worn)
 R - the +0 cloak "Puol" (worn) {rElec rF++ MR+ Dex-3}
   (You found it in a Gauntlet)

   It affects your dexterity (-3).
   It greatly protects you from fire.
   It insulates you from electricity.
   It affects your resistance to hostile enchantments.
 V - the +3 pair of gloves of Keman (worn) {rF+}
   (You found it on level 2 of the Vaults)

   It protects you from fire.
Jewellery
 i - the ring of Huxudav (left hand) {rN+ MR+ Str+10 Int-5 Slay+3}
   (You took it off a deep elf blademaster on level 3 of the Elven Halls)

   [ring of protection from magic]

   It affects your strength (+10).
   It affects your intelligence (-5).
   It affects your accuracy and damage with ranged weapons and melee attacks
   (+3).
   It protects you from negative energy.
   It affects your resistance to hostile enchantments.
 k - the ring "Zuaxta" (right hand) {rC+ rCorr Int+2}
   (You took it off a deep elf annihilator on level 3 of the Elven Halls)

   [ring of resist corrosion]

   It affects your intelligence (+2).
   It protects you from cold.
   It provides partial protection from all sources of acid and corrosion.
 H - an amulet of reflection (around neck)
Wands
 g - a wand of digging (13) {@v3}
 p - a wand of acid (13) {@v1}
 v - a wand of paralysis (20)
 M - a wand of clouds (14)
 N - a wand of polymorph (15)
 S - a wand of enslavement (5)
 U - a wand of iceblast (66) {@v2}
Scrolls
 c - 9 scrolls of fog {!r}
 d - 7 scrolls of magic mapping {@r5 !r}
 e - 14 scrolls of fear {!r}
 f - 11 scrolls of immolation
 j - 26 scrolls of teleportation {@r3 !r}
 l - 2 scrolls of holy word
 o - 26 scrolls of identify {@r1}
 s - 5 scrolls of blinking {@r4}
 K - 4 scrolls of silence
 O - a scroll of vulnerability
 Z - 2 scrolls of summoning
Potions
 m - 6 potions of resistance
 n - 22 potions of curing {@q1 !q}
 r - 5 potions of cancellation
 t - 10 potions of haste {@q4 !q}
 w - 5 potions of might {@q3 !q}
 z - 7 potions of magic
 A - 6 potions of mutation
 B - 13 potions of lignification {@q6}
 E - 3 potions of berserk rage
 F - 5 potions of heal wounds {@q2 !q}
 L - 9 potions of invisibility
 Y - 12 potions of ambrosia
Miscellaneous
 h - 6 boxes of beasts
 x - a phial of floods
 D - a tin of tremorstones (3/3)
 X - 3 phantom mirrors


   Skills:
 * Level 26.2 Fighting
 - Level 18.0 Axes
 - Level 16.0 Throwing
 - Level 16.0 Armour
 - Level 10.0 Dodging
 - Level 3.3 Stealth
 - Level 15.0 Shields
 - Level 18.0 Invocations
 + Level 12.1 Evocations


You had 26 spell levels left.
You didn't know any spells.
Your spell library contained the following spells:

 Spells                   Type           Power        Failure   Level
 Animate Skeleton         Necr           #.....       96%         1
 Apportation              Tloc           #.....       96%         1
 Corona                   Hex            #......      96%         1
 Freeze                   Ice            #...         96%         1
 Magic Dart               Conj           #...         96%         1
 Sandblast                Erth           #.....       96%         1
 Sting                    Tmut/Pois      #...         96%         1
 Summon Small Mammal      Summ           #...         96%         1
 Blink                    Tloc           N/A          99%         2
 Call Imp                 Summ           #.......     99%         2
 Corpse Rot               Necr/Air       N/A          99%         2
 Ensorcelled Hibernation  Hex/Ice        #.....       99%         2
 Passwall                 Tmut/Erth      #.......     99%         2
 Poisonous Vapours        Pois/Air       #.....       99%         2
 Searing Ray              Conj           #.....       99%         2
 Slow                     Hex            #.......     99%         2
 Sublimation of Blood     Necr           #.........   99%         2
 Call Canine Familiar     Summ           #.......     100%        3
 Confusing Touch          Hex            #.......     100%        3
 Conjure Flame            Conj/Fire      #.......     100%        3
 Dazzling Flash           Conj/Hex       #.....       100%        3
 Frozen Ramparts          Ice            #.....       100%        3
 Gell's Gravitas          Tloc           #.........   100%        3
 Ignite Poison            Fire/Tmut/Pois #.......     100%        3
 Inner Flame              Hex/Fire       #.......     100%        3
 Lesser Beckoning         Tloc           #.........   100%        3
 Mephitic Cloud           Conj/Pois/Air  #.......     100%        3
 Ozocubu's Armour         Ice            #.......     100%        3
 Portal Projectile        Hex/Tloc       #.....       100%        3
 Spider Form              Tmut/Pois      #.........   100%        3
 Stone Arrow              Conj/Erth      #.....       100%        3
 Summon Guardian Golem    Hex/Summ       #.......     100%        3
 Tukima's Dance           Hex            #.......     100%        3
 Vampiric Draining        Necr           #.........   100%        3
 Cause Fear               Hex            #.........   100%        4
 Dispel Undead            Necr           #.......     100%        4
 Fulminant Prism          Conj/Hex       #.........   100%        4
 Hailstorm                Conj/Ice       #.......     100%        4
 Ice Form                 Ice/Tmut       #.......     100%        4
 Iskenderun's Mystic Bla  Conj/Tloc      #.......     100%        4
 Leda's Liquefaction      Hex/Erth       #.........   100%        4
 Petrify                  Tmut/Erth      #.......     100%        4
 Summon Ice Beast         Ice/Summ       #.......     100%        4
 Summon Lightning Spire   Summ/Air       #.......     100%        4
 Agony                    Necr           #.......     100%        5
 Alistair's Intoxication  Tmut/Pois      #........    100%        5
 Borgnjor's Vile Clutch   Necr/Erth      #.........   100%        5
 Excruciating Wounds      Necr           #.........   100%        5
 Fireball                 Conj/Fire      #.........   100%        5
 Irradiate                Conj/Tmut      #.........   100%        5
 Lee's Rapid Deconstruct  Erth           #.........   100%        5
 Metabolic Englaciation   Hex/Ice        #.........   100%        5
 Silence                  Hex/Air        #.........   100%        5
 Summon Forest            Summ/Tloc      #.........   100%        5
 Yara's Violent Unravell  Hex/Tmut       #.........   100%        5
 Conjure Ball Lightning   Conj/Air       #.........   100%        6
 Eringya's Noxious Bog    Tmut/Pois      #.........   100%        6
 Freezing Cloud           Conj/Ice/Air   #.........   100%        6
 Hydra Form               Tmut           #.........   100%        6
 Invisibility             Hex            #.......     100%        6
 Ozocubu's Refrigeration  Ice            #.........   100%        6
 Shadow Creatures         Summ           N/A          100%        6
 Simulacrum               Ice/Necr       #.........   100%        6
 Starburst                Conj/Fire      #.........   100%        6
 Statue Form              Tmut/Erth      #........    100%        6
 Dragon Form              Tmut           #.........   100%        7
 Summon Hydra             Summ           #.........   100%        7
 Discord                  Hex            #.........   100%        8
 Ignition                 Fire           #.........   100%        8
 Shatter                  Erth           #.........   100%        9
 Tornado                  Air            #.........   100%        9


Dungeon Overview and Level Annotations

Branches:
Dungeon (15/15)            Temple (0/1) D:6            Lair (6/6) D:10
 Shoals (4/4) Lair:3       Spider (4/4) Lair:2        Slime (0/5) Lair:5
    Orc (2/2) D:9             Elf (3/3) Orc:2        Vaults (5/5) D:13
  Crypt (0/3) Vaults:2     Depths (5/5) D:15            Zot (5/5) Depths:5
Ossuary (visited)          WizLab (visited)         Gauntlet (visited)

Altars:
Cheibriados
Dithmenos
Elyvilon
Gozag
Kikubaaqudgha
Nemelex Xobeh
Sif Muna
Vehumet
Xom
The Shining One
Beogh
Jiyva

Shops:
D:4 !   D:6 [   D:9 [   D:12 (?   D:15 ([(   Orc:2 =[*(   Elf:1 (   Elf:2 *
Shoals:4 }   Vaults:2 [   Vaults:4 !   Depths:1 =}=

Portals:
Hell: Depths:1 Depths:2 Depths:4 Depths:5
Abyss: Depths:4
Pandemonium: Depths:3 Depths:5
Ziggurat: Depths:2
Trove: D:11 (give +3 shadow dragon scales)

Annotations:
D:4 3 runed translucent doors, KristoblXynda's ghost, amateur TrMo
D:5 Blork the orc
D:9 1 exclusion
Lair:6 1 exclusion
Elf:2 3 runed translucent doors
Vaults:3 2 runed translucent doors, Erghig's ghost, adept DrIE
Depths:3 1 exclusion


Innate Abilities, Weirdness & Mutations

You are completely covered in rugged brown scales. (AC +3, +7% HP)
You have supernaturally acute eyesight. (SInv)
Armour fits poorly on your strangely shaped body.
You can roll at foes to attack.
You have a long armoured tail.
You have very sharp teeth.
You are clumsy. (Dex -2)
Your flesh is heat resistant. (rF+)
Your magical capacity is low. (-10% MP)
You passively map a small area around you.
You are weak. (Str -2)
You evolve.
Your spells are a little easier to cast, but a little less powerful.
You expend magic power (3 MP) to strengthen your wands.


Message History

(V) Vaults (C) Crypt (U) Depths (H) Hell (Z) Zot
Where to? (Enter - D:1 @ (x,y), ? - help)
An Orb Guardian comes into view.
You slash the Orb Guardian! You tail-slap the Orb Guardian.
The Orb Guardian is moderately wounded.
You block the Orb Guardian's attack.
You slice the Orb Guardian!!
Lightning courses through the Orb Guardian!
The Orb Guardian is severely wounded.
You block the Orb Guardian's attack.
You miss the Orb Guardian.
The Orb Guardian is severely wounded.
You block the Orb Guardian's attack.
You slash the Orb Guardian!
The Orb Guardian is severely wounded.
You block the Orb Guardian's attack.
A sixfirhy and a cacodemon come into view.
You slice the Orb Guardian!!
You kill the Orb Guardian!
Training target 18.0 for Invocations reached!
Your Invocations skill increases to level 18!
You block the sixfirhy's attack.
The sixfirhy hits you but does no damage.
You miss the sixfirhy.
Your tail-slap misses the sixfirhy.
Your bite misses the sixfirhy. You chop the sixfirhy into pieces!!!
You kill the sixfirhy!
The cacodemon gestures at you. The bolt of energy misses you.
The cacodemon hits you but does no damage.
You block the cacodemon's attack.
You hit the cacodemon. You tail-slap the cacodemon!
The cacodemon is lightly wounded.
You block the cacodemon's attack. x2
You closely miss the cacodemon.
The cacodemon is lightly wounded.
Your gold dragon scales prevents you from hitting the cacodemon.
Your bite misses the cacodemon.
The cacodemon is lightly wounded.
The cacodemon hits you but does no damage. x2
You slice the cacodemon!! Your bite misses the cacodemon.
The cacodemon is moderately wounded.
You block the cacodemon's attack. x2
You cut the cacodemon into ribbons!!!
You tail-slap the cacodemon, but do no damage.
The cacodemon is severely wounded.
You cut the cacodemon into ribbons!!!
You kill the cacodemon!
No target in view!
No target in view!
No target in view!
No target in view!
No target in view!
No target in view!
No target in view!
No target in view!
(D) Dungeon (T) Temple (L) Lair (A) Shoals (N) Spider Nest (M) Slime Pits (O) Orcish Mines (E) Elven Halls (V) Vaults (C) Crypt (U) Depths (H) Hell (Z) Zot
Where to? (Enter - D:1 @ (x,y), ? - help)
There is a stone staircase leading up here.
You climb upwards.
There is a stone staircase leading down here.
An Orb Guardian comes into view.
You see here 21 arrows.
Unknown command.
You slice the Orb Guardian!!
Lightning courses through the Orb Guardian!!
The Orb Guardian is severely wounded.
You slice the Orb Guardian!!
Lightning courses through the Orb Guardian!
Your bite misses the Orb Guardian.
The Orb Guardian is almost dead.
The Orb Guardian hits you but does no damage.
You hit the Orb Guardian but do no damage.
Your tail-slap misses the Orb Guardian.
The Orb Guardian is almost dead.
You block the Orb Guardian's attack.
You slash the Orb Guardian!
You kill the Orb Guardian!
No target in view!
No target in view!
No target in view!
No target in view!
No target in view!
No target in view!
No target in view!
No target in view!
(D) Dungeon (T) Temple (L) Lair (A) Shoals (N) Spider Nest (M) Slime Pits (O) Orcish Mines (E) Elven Halls (V) Vaults (C) Crypt (U) Depths (H) Hell (Z) Zot
Where to? (Enter - D:1 @ (x,y), ? - help)
There is an open door here.
There is an open door here.
There is a staircase leading out of the dungeon here.
Unknown command.
You have escaped!

########### ##########
#..#...#..#######.........
#(.'...'.@#.......########
#P.#...#..#.####### #
####...####.# #
#.≈#...#[P#.######### #
#..'...'..#.........# #
#..#.#.#..##.######.# #
####.#.#####.# #.# ##
#..#...#.P##.# #.#####.
#..'...'..##.######.......


There were no monsters in sight!

Vanquished Creatures
  3 ancient liches (Zot:5)
  Tiamat (Zot:1)
  5 orbs of fire
  Mara (Depths:4)
  2 juggernauts
  Margery (Vaults:2)
  Frederick (Depths:3)
  Boris (Depths:3)
  A shard shrike (Zot:2)
  2 curse toes (Zot:3)
  2 caustic shrikes (Depths:4)
  2 bone dragons (Zot:1)
  17 golden dragons
  A Brimstone Fiend (D:15)
  A hellephant (Vaults:4)
  Jorgrun (D:15)
  16 tentacled monstrosities
  3 liches (Depths:3)
  An electric golem (Zot:5)
  A moon troll (WizLab)
  24 Orb Guardians
  4 titans (Vaults:5)
  7 quicksilver dragons
  2 deep elf master archers (Elf:3)
  Gastronok (D:12)
  2 krakens
  6 tengu reavers
  7 sphinxes
  Frances (D:14)
  8 death cobs
  5 tentacled starspawn (WizLab)
  14 storm dragons
  The ghost of Majang the Thaumaturge, an adept OpIE of Vehumet (Shoals:4)
  9 shadow dragons
  3 draconian monks
  15 fire giants
  4 iron dragons
  2 cacodemons
  9 deep elf sorcerers
  11 frost giants
  7 ghost moths
  17 vault wardens
  A balrug (Vaults:4)
  An orc warlord (Orc:2)
  2 draconian shifters
  4 draconian knights
  2 draconian stormcallers
  Louise (Depths:4)
  27 very ugly things
  4 emperor scorpions
  7 draconian scorchers
  4 draconian annihilators
  6 deep elf elementalists
  2 ghouls
  A spriggan defender (Depths:4)
  A reaper (Depths:5)
  17 ironheart preservers
  3 war gargoyles
  3 entropy weavers
  4 vampire knights
  6 black draconians
  30 stone giants
  9 green draconians
  3 dire elephants
  8 deep elf annihilators
  6 yellow draconians
  7 deep elf demonologists
  13 red draconians
  3 spark wasps
  2 minotaurs
  10 purple draconians
  14 white draconians
  A crystal guardian (Vaults:4)
  15 ettins
  9 deep elf death magi
  4 merfolk impalers
  Josephine (Orc:1)
  18 fire dragons
  3 merfolk javelineers
  3 deep elf high priests
  2 hell beasts
  2 jiangshi (Depths:3)
  Harold (D:8)
  6 hydras
  19 great orbs of eyes
  17 yaktaur captains
  24 ice dragons
  33 vault guards
  8 rakshasas
  8 spriggan air magi
  9 centaur warriors
  7 starcursed masses (WizLab)
  4 alligators
  2 alligator snapping turtles (Shoals:4)
  2 death knights
  15 ogre magi
  11 dancing weapons
  9 deep troll shamans
  10 tengu warriors
  53 two-headed ogres
  3 merfolk avatars
  4 merfolk aquamancers
  5 deep troll earth magi
  A death yak (Lair:5)
  8 death scarabs (Spider:4)
  2 queen ants
  6 spriggan berserkers
  6 vampire magi
  A satyr (Shoals:2)
  A shock serpent (Shoals:2)
  3 spriggans
  A titan skeleton (Depths:1)
  2 sun demons (Depths:5)
  6 orc high priests
  2 shadow wraiths (Vaults:3)
  25 deep elf knights
  A soul eater (Depths:3)
  4 skeletal warriors (D:14)
  A wretched star (Abyss:1)
  2 sixfirhies
  A storm dragon zombie (Vaults:2)
  3 iron trolls
  10 sea snakes
  18 deep trolls
  29 hell knights
  2 swamp dragons (shapeshifter)
  A death drake (Shoals:2)
  5 wizards
  An entropy weaver zombie (Vaults:2)
  9 glowing orange brains
  An infernal demonspawn (Depths:5)
  A storm dragon skeleton (Vaults:3)
  3 flayed ghosts
  A glowing orange brain (shapeshifter) (Vaults:5)
  22 deep elf archers
  A lindwurm (Zot:1)
  2 orange crystal statues
  20 orc knights
  3 unseen horrors
  17 necromancers
  An iron dragon zombie (Depths:3)
  11 ironbrand convokers
  3 phantasmal warriors
  21 harpies
  A mana viper (D:15)
  4 spectral wolf spiders (Spider:4)
  Pikel (D:8)
  13 fauns
  9 orc sorcerers
  17 orb spiders
  A cyclops (shapeshifter) (Vaults:3)
  56 deep elf magi
  A tengu skeleton (Depths:3)
  2 fire giant zombies
  A faun (shapeshifter) (Vaults:4)
  A sphinx skeleton (Vaults:3)
  A shining eye (shapeshifter) (Vaults:3)
  35 ugly things
  10 cyclopes
  25 wolf spiders
  22 moths of wrath
  2 black mambas (shapeshifter)
  15 elephants
  2 salamanders
  10 manticores
  Maurice (Orc:1)
  7 merfolk sirens
  A frost giant skeleton (Depths:1)
  An orange demon (Depths:5)
  A rust devil (Depths:1)
  A molten gargoyle (Lair:6)
  6 eyes of devastation (WizLab)
  A black mamba (Lair:3)
  8 vault sentinels
  5 spectral swamp worms (Depths:4)
  An apocalypse crab (Spider:4)
  5 water nymphs
  2 torpor snails
  3 gargoyles
  A yaktaur zombie (Vaults:5)
  2 cane toads (shapeshifter) (Depths:1)
  2 rime drakes (shapeshifter)
  3 rime drakes
  A yaktaur (shapeshifter) (Vaults:4)
  8 freezing wraiths
  4 cane toads
  13 demonic crawlers
  4 spectral redbacks (Spider:4)
  A tormentor (D:6)
  5 komodo dragons
  A komodo dragon (shapeshifter) (Vaults:5)
  67 yaktaurs
  A hellwing (Depths:3)
  3 tengu conjurers
  An ice devil (Depths:3)
  An ancient zyme (Abyss:1)
  2 queen bees
  2 redback zombies (Spider:4)
  A harpy zombie (D:14)
  A meliai (D:15)
  A spriggan skeleton (Depths:1)
  20 merfolk
  A merfolk (shapeshifter) (Depths:3)
  A meliai (shapeshifter) (Vaults:2)
  5 trolls
  36 jumping spiders
  A tyrant leech (shapeshifter) (Depths:4)
  4 wind drakes
  2 polar bears
  A blink frog (shapeshifter) (Vaults:3)
  3 red devils
  3 jumping spider zombies (Spider:4)
  A tengu simulacrum (Depths:3)
  16 hornets
  A hippogriff (shapeshifter) (Vaults:2)
  A tyrant leech (D:11)
  A hornet (shapeshifter) (Vaults:3)
  3 spectral jumping spiders (Spider:4)
  13 blink frogs
  15 snapping turtles
  8 dream sheep (Shoals:2)
  3 tarantella zombies (Spider:4)
  2 frost giant simulacra
  25 slime creatures
  4 spectral tarantellas (Spider:4)
  A fire giant simulacrum (Vaults:5)
  A stone giant simulacrum (Vaults:3)
  8 hippogriffs
  5 large abominations
  A centaur simulacrum (D:14)
  54 redbacks
  4 air elementals
  An ettin zombie (Vaults:5)
  6 vampires
  71 yaks
  A spriggan simulacrum (Depths:1)
  A ynoxinul (Depths:3)
  A tarantella (shapeshifter) (Vaults:3)
  27 tarantellas
  A wyvern (shapeshifter) (Spider:4)
  2 wyverns
  An ettin skeleton (Vaults:2)
  22 water elementals
  A basilisk (Lair:6)
  8 wraiths
  A basilisk (shapeshifter) (Vaults:1)
  5 fire elementals
  A hog (shapeshifter) (D:15)
  10 golden eyes
  19 humans
  2 neqoxecs
  A steam dragon (shapeshifter) (Vaults:2)
  3 wargs (Orc:2)
  5 swamp worms
  Menkaure (Ossuary)
  6 vampire mosquitoes
  A hell hound (Spider:4)
  A soldier ant (shapeshifter) (Vaults:2)
  8 soldier ants
  7 acid dragons
  2 hydra simulacra (Zot:2)
  9 water moccasins
  7 porcupines
  A deep troll skeleton (Vaults:2)
  2 floating eyes
  2 sky beasts
  An ettin simulacrum (Vaults:3)
  A hornet zombie (D:14)
  48 orc warriors
  A black bear (D:9)
  5 ice beasts
  An eye of draining (D:15)
  6 phantoms
  A necrophage (D:7)
  2 tengu (shapeshifter)
  A tengu (Spider:4)
  51 ogres
  5 wolves
  5 boggarts (Vaults:1)
  18 centaurs
  4 lemures (D:8)
  14 crocodiles
  5 elf zombies
  6 big kobolds
  4 small abominations
  18 bullfrogs
  Dowan (D:7)
  2 yaktaur skeletons
  3 earth elementals
  2 human skeletons (Vaults:3)
  A wyvern zombie (D:12)
  A wyvern skeleton (D:8)
  3 scorpions
  A killer bee (shapeshifter) (Vaults:4)
  18 killer bees
  An orc simulacrum (Vaults:1)
  4 howler monkeys
  16 wights
  5 electric eels
  2 crimson imps (Depths:2)
  10 centaur zombies
  4 quasits
  A human simulacrum (Vaults:3)
  5 human zombies
  20 orc priests
  5 hounds
  21 orc wizards
  4 jellies
  2 bullfrog skeletons (D:13)
  2 iron imps (Depths:5)
  6 centaur skeletons
  7 iguanas
  32 worker ants
  An ogre zombie (Ossuary)
  2 hound zombies
  6 mummies (Ossuary)
  A worker ant zombie (D:9)
  Robin (D:3)
  A howler monkey skeleton (D:8)
  15 adders
  3 shadow imps
  4 white imps
  2 ufetubi
  2 oozes
  2 adder skeletons
  5 adder zombies (Ossuary)
  3 worms
  4 dart slugs
  6 leopard geckos
  138 orcs
  6 bats
  9 giant cockroaches
  A gnoll zombie (Ossuary)
  19 goblins
  11 hobgoblins
  7 jackals
  22 kobolds
  5 quokkas
  2 ball pythons
  5 frilled lizards
  7 goblin zombies (Ossuary)
  2 hobgoblin zombies (Ossuary)
  A jackal skeleton (D:6)
  A kobold zombie (Ossuary)
  A leopard gecko skeleton (D:4)
  A leopard gecko zombie (D:5)
  3 quokka zombies (Ossuary)
  15 rats
  3 rat zombies (Ossuary)
  7 crawling corpses
  4 fungi
  4 plants
  5 starspawn tentacles
  5 tentacles
2585 creatures vanquished.

Vanquished Creatures (collateral kills)
  Boris (Depths:4)
  2 deep elf blademasters (Elf:3)
  An emperor scorpion (Spider:3)
  2 orc warlords
  A frost giant (D:15)
  A deep elf elementalist (Elf:3)
  2 entropy weavers
  A deep elf high priest (Elf:3)
  A satyr (Shoals:4)
  A tengu warrior (D:10)
  A dancing weapon (Elf:2)
  A sea snake (Shoals:4)
  An orc knight (D:10)
  A wolf spider (Spider:3)
  A manticore (D:8)
  Psyche (D:8)
  A cane toad (Lair:2)
  A komodo dragon (Lair:2)
  A jumping spider (Spider:3)
  A troll (Orc:1)
  A water elemental (Depths:4)
  A tarantella (Spider:3)
  A redback (Spider:3)
  2 yaks (Lair:2)
  5 orc warriors
  A sky beast (D:10)
  An ogre (D:5)
  A big kobold (D:10)
  2 bullfrogs (D:10)
  A scorpion (D:10)
  4 starcursed masses (WizLab)
  An orc priest (Orc:1)
  3 orc wizards
  4 orcs
51 creatures vanquished.

Vanquished Creatures (others)
  A quicksilver dragon (Vaults:5)
  A fire giant (Depths:2)
  A ghost moth (Spider:3)
  An ogre mage (Vaults:3)
  2 deep elf knights
  An ironbrand convoker (Vaults:5)
  A centaur zombie (D:14)
  A vault sentinel (Vaults:5)
  A wind drake (Shoals:4)
  2 tarantellas
  A water elemental (Depths:4)
  3 wights (D:14)
  An iron imp (Depths:5)
  An orc wizard (Orc:1)
  2 orcs
  A rat (D:3)
  A crawling corpse (Vaults:5)
  24 fungi
  21 plants
  16 starspawn tentacles
  13 tentacles
96 creatures vanquished.

Grand Total: 2732 creatures vanquished

Notes
Turn   | Place    | Note
-------+----------+-------------------------------------------
     0 | D:5      | EnegeticOcto the Palentonga Delver began the quest for the
                  | Orb.
     0 | D:5      | Reached XP level 1. HP: 19/19 MP: 1/1
    14 | D:5      | Noticed a howler monkey
    24 | D:5      | Found a glowing drain.
    54 | D:2      | Found a sparkling altar of Nemelex Xobeh.
    62 | D:2      | Became a worshipper of Nemelex Xobeh the Trickster
   161 | D:1      | Reached XP level 2. HP: 23/25 MP: 2/2
   176 | D:1      | Received a gift from Nemelex Xobeh
   282 | D:1      | Reached skill level 4 in Fighting
   389 | D:1      | Reached XP level 3. HP: 28/32 MP: 3/3
   601 | D:1      | Received a gift from Nemelex Xobeh
   757 | D:1      | Reached * piety under Nemelex Xobeh
  1454 | D:2      | Reached skill level 1 in Invocations
  1784 | D:2      | Reached XP level 4. HP: 27/40 MP: 3/5
  2203 | D:2      | Reached ** piety under Nemelex Xobeh
  2297 | D:2      | Received a gift from Nemelex Xobeh
  2432 | D:3      | Noticed a swamp drake
  2432 | D:3      | an orc priest changed into a swamp drake
  2641 | D:3      | You fall into a shaft and drop 2 floors!
  2658 | D:5      | Reached skill level 2 in Invocations
  2675 | D:5      | Reached skill level 3 in Axes
  2675 | D:5      | Reached XP level 5. HP: 44/46 MP: 6/6
  2736 | D:5      | Noticed an ogre
  2753 | D:5      | Killed an ogre
  2753 | D:5      | Reached skill level 5 in Fighting
  2753 | D:5      | Reached skill level 3 in Invocations
  2753 | D:5      | Reached XP level 6. HP: 21/54 MP: 6/8
  3018 | D:5      | Noticed Blork the orc
  3298 | D:3      | a swamp drake changed into an iguana
  3632 | D:3      | Noticed Robin
  3642 | D:3      | Killed Robin
  3801 | D:3      | Received a gift from Nemelex Xobeh
  3923 | D:4      | Reached skill level 4 in Axes
  3979 | D:4      | Found Ytwootip's Distillery.
  3994 | D:4      | Reached skill level 4 in Invocations
  3994 | D:4      | Reached XP level 7. HP: 22/60 MP: 8/10
  3998 | D:4      | Bought a potion of lignification for 30 gold pieces
  3998 | D:4      | Bought a potion of heal wounds for 50 gold pieces
  4211 | D:4      | Found a white marble altar of Elyvilon.
  4439 | D:4      | Reached skill level 6 in Fighting
  4511 | D:4      | Found a runed translucent gate.
  4511 | D:4      | Found a runed translucent gate.
  4512 | D:4      | Found a runed translucent gate.
  4513 | D:4      | Noticed KristoblXynda's ghost (amateur TrMo)
  4538 | D:4      | Reached skill level 5 in Axes
  5149 | D:5      | Reached *** piety under Nemelex Xobeh
  5514 | D:5      | Received a gift from Nemelex Xobeh
  5682 | D:6      | Found a snail-covered altar of Cheibriados.
  5688 | D:6      | Found a sand-covered staircase.
  5697 | Ossuary  | Entered an ossuary
  5955 | Ossuary  | Reached skill level 7 in Fighting
  6025 | Ossuary  | Reached XP level 8. HP: 64/71 MP: 11/11
  6141 | Ossuary  | Reached skill level 6 in Axes
  6256 | Ossuary  | Noticed Menkaure
  6262 | Ossuary  | Killed Menkaure
  6717 | D:6      | Reached skill level 8 in Fighting
  6747 | D:6      | Reached skill level 7 in Axes
  7222 | D:6      | You fall into a shaft and drop 1 floor!
  7222 | D:7      | Found a shimmering blue altar of Sif Muna.
  7448 | D:6      | Received a gift from Nemelex Xobeh
  7467 | D:6      | Found a staircase to the Ecumenical Temple.
  7758 | D:6      | Reached XP level 9. HP: 80/80 MP: 12/12
  7765 | D:6      | Found Ibuokana's Antique Armour Boutique.
  7781 | D:6      | Reached **** piety under Nemelex Xobeh
  8281 | D:7      | Reached skill level 8 in Axes
  8297 | D:7      | Reached skill level 9 in Fighting
  8453 | D:7      | Reached skill level 1 in Shields
  8565 | D:7      | Noticed Duvessa
  8576 | D:7      | Noticed Duvessa
  8576 | D:7      | Duvessa changed into Duvessa the killer bee
  8591 | D:7      | Killed Duvessa the killer bee
  8625 | D:7      | Noticed Dowan
  8627 | D:7      | Killed Dowan
  8821 | D:7      | Received a gift from Nemelex Xobeh
  9073 | D:7      | Reached skill level 2 in Shields
  9281 | D:8      | Noticed Pikel
  9289 | D:8      | Reached skill level 9 in Axes
  9300 | D:8      | Killed Pikel
  9300 | D:8      | Reached skill level 10 in Fighting
  9516 | D:8      | Noticed Harold
  9533 | D:8      | Killed Harold
  9533 | D:8      | Reached XP level 10. HP: 44/92 MP: 13/13
  9792 | D:8      | Reached skill level 10 in Axes
 10030 | D:8      | Noticed a manticore
 10039 | D:8      | Noticed a manticore
 10041 | D:8      | Found a glowing golden altar of the Shining One.
 10041 | D:8      | Found an opulent altar of Gozag.
 10045 | D:8      | Killed a manticore
 10046 | D:8      | Killed a manticore
 10238 | D:8      | Noticed a manticore
 10325 | D:8      | Reached skill level 11 in Fighting
 10326 | D:8      | Killed a manticore
 10407 | D:8      | Noticed Psyche
 10418 | D:8      | Killed Psyche
 10842 | D:9      | Noticed a two-headed ogre
 10852 | D:9      | Killed a two-headed ogre
 11107 | D:9      | Reached skill level 11 in Axes
 11442 | D:9      | Found a staircase to the Orcish Mines.
 11444 | D:9      | Found Xedest's Armour Boutique.
 11483 | D:9      | Reached XP level 11. HP: 81/101 MP: 14/14
 11493 | D:9      | Reached skill level 12 in Fighting
 11763 | D:9      | Received a gift from Nemelex Xobeh
 12115 | D:9      | Noticed a centaur warrior
 12121 | D:9      | Killed a centaur warrior
 12404 | D:9      | Found a shimmering altar of Xom.
 12404 | D:9      | Found an opulent altar of Gozag.
 12468 | D:10     | Entered Level 10 of the Dungeon
 12582 | D:10     | Found a staircase to the Lair.
 12629 | D:10     | Noticed a tengu warrior
 12630 | D:10     | Noticed an orc knight
 12630 | D:10     | Noticed an unseen horror
 12645 | D:10     | Killed a tengu warrior
 12645 | D:10     | Reached skill level 2 in Dodging
 12645 | D:10     | Reached skill level 1 in Evocations
 12668 | D:10     | Killed an orc knight
 12668 | D:10     | Reached skill level 1 in Armour
 12691 | D:10     | Killed an unseen horror
 12691 | D:10     | Reached skill level 3 in Shields
 12792 | D:10     | Received a gift from Nemelex Xobeh
 12935 | D:10     | Reached ***** piety under Nemelex Xobeh
 13461 | D:10     | Reached skill level 5 in Invocations
 13461 | D:10     | Reached skill level 2 in Evocations
 13558 | D:10     | Identified the cursed +0 leather armour "Gaaff" {Dex+4}
                  | (You found it on level 10 of the Dungeon)
 13576 | Lair:1   | Entered Level 1 of the Lair of Beasts
 13606 | Lair:1   | Received a gift from Nemelex Xobeh
 13640 | Lair:1   | Reached skill level 2 in Armour
 13648 | Lair:1   | Reached skill level 12 in Axes
 14018 | Lair:1   | Received a gift from Nemelex Xobeh
 14616 | Lair:2   | Reached skill level 3 in Dodging
 14621 | Lair:2   | Found a hole to the Spider Nest.
 14638 | Lair:2   | Received a gift from Nemelex Xobeh
 14651 | Lair:2   | Found a gate leading to a gauntlet.
 14658 | Gauntlet | Entered a Gauntlet
 14658 | Gauntlet | Found a transporter.
 14786 | Gauntlet | Found a transporter.
 14788 | Gauntlet | Found a transporter.
 14799 | Gauntlet | Found a transporter.
 14807 | Gauntlet | Found a transporter.
 14823 | Gauntlet | Found a transporter.
 14826 | Gauntlet | Noticed a great orb of eyes
 14833 | Gauntlet | Found a transporter.
 14841 | Gauntlet | Received a gift from Nemelex Xobeh
 14843 | Gauntlet | Found a transporter.
 14846 | Gauntlet | Noticed an orange crystal statue
 14857 | Gauntlet | Found a transporter.
 14869 | Gauntlet | Noticed a white ugly thing
 14869 | Gauntlet | Noticed a red ugly thing
 14872 | Gauntlet | Found a transporter.
 14874 | Gauntlet | Found a transporter.
 14881 | Gauntlet | Found a transporter.
 14882 | Gauntlet | Found a transporter.
 14916 | Gauntlet | Found a transporter.
 15012 | Gauntlet | Got a steaming cloak
 15024 | Gauntlet | Identified the +0 cloak "Puol" {rElec rF++ MR+ Dex-3} (You
                  | found it in a Gauntlet)
 15261 | Gauntlet | Killed a white ugly thing
 15264 | Gauntlet | Killed a great orb of eyes
 15264 | Gauntlet | Reached skill level 4 in Shields
 15264 | Gauntlet | Reached skill level 3 in Evocations
 15264 | Gauntlet | Reached XP level 12. HP: 48/109 MP: 16/16
 15269 | Gauntlet | Got a wavering lapis lazuli ring
 15271 | Gauntlet | Got a twitching ivory ring
 15273 | Gauntlet | Identified the ring of Mosagask {Wiz Int+7} (You found it
                  | in a Gauntlet)
 15275 | Gauntlet | Identified the ring of Rerye {+Inv rN+ rCorr Dex-3} (You
                  | found it in a Gauntlet)
 15576 | Gauntlet | Noticed a minotaur
 15581 | Gauntlet | Killed a minotaur
 15581 | Gauntlet | Reached skill level 3 in Armour
 15581 | Gauntlet | Reached skill level 6 in Invocations
 16301 | Lair:2   | Noticed a queen ant
 16342 | Lair:2   | Killed a queen ant
 16634 | Lair:3   | Noticed a five-headed hydra
 16640 | Lair:3   | Killed a five-headed hydra
 16640 | Lair:3   | Reached skill level 4 in Dodging
 16644 | Lair:3   | Received a gift from Nemelex Xobeh
 16673 | Lair:3   | Reached skill level 4 in Evocations
 16884 | Lair:3   | Reached ****** piety under Nemelex Xobeh
 16918 | Lair:3   | You fall into a shaft and drop 1 floor!
 16931 | Lair:4   | Reached skill level 13 in Axes
 17059 | Lair:4   | Received a gift from Nemelex Xobeh
 17129 | Lair:4   | Reached skill level 4 in Armour
 17390 | Lair:4   | Reached skill level 5 in Shields
 17497 | Lair:4   | Reached skill level 7 in Invocations
 17660 | Lair:4   | Received a gift from Nemelex Xobeh
 18045 | Lair:3   | Reached XP level 13. HP: 110/115 MP: 18/18
 18209 | Lair:3   | Found a staircase to the Shoals.
 18489 | Lair:5   | Got a warped pewter ring
 18501 | Lair:5   | Received a gift from Nemelex Xobeh
 18508 | Lair:5   | Found a staircase to the Slime Pits.
 18508 | Lair:5   | Found a viscous altar of Jiyva.
 18523 | Lair:5   | Noticed an entropy weaver
 18523 | Lair:5   | a death yak changed into an entropy weaver
 18523 | Lair:5   | Noticed a ghost moth
 18523 | Lair:5   | a death yak changed into a ghost moth
 18523 | Lair:5   | Noticed a minotaur
 18523 | Lair:5   | a death yak changed into a minotaur
 18805 | Lair:5   | Killed a minotaur
 18806 | Lair:5   | Killed an entropy weaver
 18806 | Lair:5   | Reached skill level 5 in Evocations
 18815 | Lair:5   | Reached skill level 5 in Dodging
 18816 | Lair:5   | Killed a ghost moth
 19015 | Lair:5   | Reached skill level 5 in Armour
 19416 | Lair:5   | Received a gift from Nemelex Xobeh
 19526 | Lair:5   | Identified the ring of Nynam {rElec rN+++ MR- Slay-3
                  | Stlth-} (You found it on level 5 of the Lair of Beasts)
 19540 | Lair:6   | Entered Level 6 of the Lair of Beasts
 19869 | Lair:6   | Received a gift from Nemelex Xobeh
 19888 | Lair:6   | Reached skill level 8 in Invocations
 19902 | Lair:6   | Reached skill level 14 in Axes
 20082 | Lair:6   | Reached skill level 6 in Shields
 20325 | Lair:6   | Received a gift from Nemelex Xobeh
 21081 | Orc:1    | Entered Level 1 of the Orcish Mines
 21081 | Orc:1    | Received a gift from Nemelex Xobeh
 21081 | Orc:1    | Noticed Maurice
 21086 | Orc:1    | Killed Maurice
 21098 | Orc:1    | Noticed an orc warlord
 21102 | Orc:1    | Noticed Josephine
 21163 | Orc:1    | Killed Josephine
 21166 | Orc:1    | Noticed an emperor scorpion
 21166 | Orc:1    | an orc warlord changed into an emperor scorpion
 21171 | Orc:1    | an emperor scorpion changed into a deep troll
 21188 | Orc:1    | Reached skill level 6 in Dodging
 21190 | Orc:1    | Reached XP level 14. HP: 90/123 MP: 20/20
 21507 | Orc:2    | Entered Level 2 of the Orcish Mines
 21537 | Orc:2    | Noticed an orc warlord
 21540 | Orc:2    | Killed an orc warlord
 21540 | Orc:2    | Reached skill level 6 in Armour
 21540 | Orc:2    | Reached skill level 9 in Invocations
 21553 | Orc:2    | Found Kaoprez's Antique Weapon Shop.
 21754 | Orc:2    | Reached skill level 15 in Axes
 21763 | Orc:1    | Noticed an orc warlord
 21786 | Orc:2    | Reached skill level 7 in Shields
 21798 | Orc:2    | Received a gift from Nemelex Xobeh
 21819 | Orc:2    | Found Kaar's General Store.
 21846 | Orc:2    | Bought a scroll of fog for 32 gold pieces
 21889 | Orc:2    | Found Leph's Antique Armour Shop.
 22023 | Orc:2    | Found Ravvoc's Jewellery Shop.
 22030 | Orc:2    | Found a staircase to the Elven Halls.
 22246 | Orc:1    | Killed an orc warlord
 22348 | Orc:1    | Received a gift from Nemelex Xobeh
 22944 | D:11     | Found the +12 Vampire's Tooth {vamp}
 22973 | D:11     | Reached skill level 10 in Invocations
 23051 | D:11     | Received a gift from Nemelex Xobeh
 23072 | D:11     | Found a portal to a secret trove of treasure.
 23718 | D:11     | Received a gift from Nemelex Xobeh
 24139 | D:12     | Found Xatwops's Antique Weapon Boutique.
 24333 | D:12     | Identified Ceang's Volume of Scorching Weightlessness
 24365 | D:12     | Noticed Gastronok
 24366 | D:12     | Found Heppaon's Magic Scroll Shop.
 24368 | D:12     | Noticed Nessos
 24369 | D:12     | Noticed Nessos
 24369 | D:12     | Nessos changed into Nessos the redback
 24375 | D:12     | Killed Nessos the redback
 24376 | D:12     | Killed Gastronok
 24376 | D:12     | Reached skill level 16 in Axes
 24376 | D:12     | Reached skill level 8 in Shields
 24569 | D:12     | Bought a scroll of enchant weapon for 120 gold pieces
 24569 | D:12     | Bought a scroll of summoning for 152 gold pieces
 24569 | D:12     | Bought a scroll of fear for 56 gold pieces
 24569 | D:12     | Bought a scroll of teleportation for 48 gold pieces
 24569 | D:12     | Bought a scroll of fear for 56 gold pieces
 24569 | D:12     | Bought a scroll of teleportation for 48 gold pieces
 24615 | D:13     | Received a gift from Nemelex Xobeh
 24969 | D:13     | Received a gift from Nemelex Xobeh
 25309 | D:13     | Reached XP level 15. HP: 128/128 MP: 22/22
 25470 | D:13     | Found a gate to the Vaults.
 25622 | D:14     | Noticed Frances
 25922 | D:14     | Received a gift from Nemelex Xobeh
 26129 | D:14     | Killed Frances
 26161 | D:14     | Reached skill level 17 in Axes
 26243 | D:14     | Reached skill level 9 in Shields
 27374 | D:15     | Entered Level 15 of the Dungeon
 27392 | D:15     | Found a shadowy altar of Dithmenos.
 27407 | D:15     | Noticed Jorgrun
 27440 | D:15     | Killed Jorgrun
 28358 | D:15     | Found Seugem's Weapon Shoppe.
 28611 | D:15     | Found Zocwisy's Weapon Shop.
 28616 | D:15     | Found Holy's Armour Boutique.
 28711 | D:15     | Received a gift from Nemelex Xobeh
 29080 | D:15     | Found a runed translucent door.
 29106 | D:15     | Found a staircase to the Depths.
 29106 | D:15     | Noticed a frost giant
 29115 | D:15     | Killed a frost giant
 29478 | D:15     | Noticed an orc warlord
 29510 | D:15     | Reached skill level 18 in Axes
 29510 | D:15     | Cast into level 1 of the Abyss (orc warrior)
 29547 | Abyss:1  | Received a gift from Nemelex Xobeh
 29627 | Abyss:1  | Noticed a tentacled starspawn
 29694 | Abyss:1  | Noticed a bone dragon
 29736 | Abyss:2  | Found a corrupted altar of Lugonu.
 29737 | Abyss:2  | Noticed a kraken
 29753 | Abyss:2  | Killed a kraken
 29753 | Abyss:2  | Reached skill level 10 in Shields
 29758 | D:15     | Escaped the Abyss
 29780 | D:15     | Found a roughly hewn altar of Beogh.
 29802 | D:15     | Killed an orc warlord
 30303 | Shoals:1 | Entered Level 1 of the Shoals
 30303 | Shoals:1 | Received a gift from Nemelex Xobeh
 30327 | Shoals:1 | Upgraded the game from 0.26-a0-412-ga3d1f51b80 to
                  | 0.26-a0-438-g4b1dca4f87
 30467 | Shoals:1 | Reached XP level 16. HP: 100/135 MP: 23/23
 30594 | Shoals:1 | Noticed a kraken
 30608 | Shoals:1 | Killed a kraken
 30763 | Shoals:1 | Reached skill level 6 in Evocations
 30896 | Shoals:1 | Received a gift from Nemelex Xobeh
 31716 | Spider:1 | Entered Level 1 of the Spider Nest
 32512 | Spider:1 | Received a gift from Nemelex Xobeh
 32875 | Spider:2 | Reached skill level 7 in Evocations
 33683 | Spider:2 | Reached skill level 11 in Invocations
 33883 | Spider:2 | Received a gift from Nemelex Xobeh
 34422 | Spider:3 | Reached skill level 8 in Evocations
 34653 | Spider:3 | Reached skill level 13 in Fighting
 34728 | Spider:3 | Reached skill level 9 in Evocations
 34958 | Spider:3 | Received a gift from Nemelex Xobeh
 35365 | Spider:3 | Reached XP level 17. HP: 145/145 MP: 25/25
 35510 | Spider:4 | Entered Level 4 of the Spider Nest
 35510 | Spider:4 | Received a gift from Nemelex Xobeh
 35516 | Spider:4 | Identified the cursed +0 kite shield of Sin {Regen+}
 35516 | Spider:4 | Noticed Donald
 35520 | Spider:4 | Noticed Donald
 35520 | Spider:4 | Donald changed into Donald the alligator
 35521 | Spider:4 | Reached skill level 11 in Shields
 35523 | Spider:4 | Killed Donald the alligator
 35844 | Spider:4 | Received a gift from Nemelex Xobeh
 36517 | Spider:4 | Reached skill level 12 in Invocations
 36875 | Spider:4 | Reached skill level 10 in Evocations
 36946 | Spider:4 | Received a gift from Nemelex Xobeh
 37780 | Spider:4 | Got a gossamer rune of Zot
 38028 | Elf:1    | Entered Level 1 of the Elven Halls
 38424 | Elf:1    | Reached skill level 14 in Fighting
 38432 | Elf:1    | Reached skill level 13 in Invocations
 38638 | Elf:1    | Received a gift from Nemelex Xobeh
 38982 | Elf:1    | Found Upresive's Antique Weapon Shoppe.
 39055 | Elf:1    | Received a gift from Nemelex Xobeh
 39245 | Elf:1    | Reached skill level 12 in Shields
 39480 | Elf:1    | Found a radiant altar of Vehumet.
 39875 | Elf:1    | Identified the Catalogue of Evil Rites
 40345 | Elf:2    | Found Doecy's General Store.
 40361 | Elf:2    | Bought a scroll of enchant armour for 97 gold pieces
 40361 | Elf:2    | Bought 2 scrolls of magic mapping for 91 gold pieces
 40361 | Elf:2    | Bought a potion of resistance for 130 gold pieces
 40361 | Elf:2    | Bought a scroll of holy word for 97 gold pieces
 40399 | Elf:2    | Reached XP level 18. HP: 146/157 MP: 28/28
 40749 | Elf:2    | Found a runed translucent gate.
 40750 | Elf:2    | Found a runed translucent gate.
 40751 | Elf:2    | Found a runed translucent gate.
 40900 | Elf:2    | Found an ancient bone altar of Kikubaaqudgha.
 41425 | Elf:3    | Entered Level 3 of the Elven Halls
 41581 | Elf:3    | Received a gift from Nemelex Xobeh
 41920 | Elf:3    | Gained mutation: You are clumsy. (Dex -2) [a neqoxec]
 41924 | Elf:3    | Gained mutation: You are very clumsy. (Dex -4) [a neqoxec]
 42222 | Elf:3    | Received a gift from Nemelex Xobeh
 42286 | Elf:3    | Reached skill level 14 in Invocations
 42573 | Elf:3    | Identified the +6 shortbow of the Sneaky Olives {freeze,
                  | +Blink +Fly Int+8 Dex-3}
 42603 | Elf:3    | Identified the ring "Zuaxta" {rC+ rCorr Int+2}
 42615 | Elf:3    | Reached skill level 15 in Fighting
 42816 | Elf:3    | Identified the +5 scimitar "Jodon" {freeze, *Noise Int+6}
 42816 | Elf:3    | Identified the ring of Nefiorr {Fire Int+3}
 43485 | Elf:3    | Reached skill level 13 in Shields
 43934 | Elf:3    | Identified the cursed +1 chain mail of Dishonesty {rElec
                  | Stlth+}
 43944 | Elf:3    | Identified the ring of Huxudav {rN+ MR+ Str+10 Int-5
                  | Slay+3}
 44671 | Elf:3    | Identified the +8 broad axe of Giofuthriraa {elec, MR+
                  | Str+3 Int+3}
 44671 | Elf:3    | Identified the amulet of the Tarantula {Acrobat rC- Int+10}
 44679 | Elf:3    | Reached skill level 15 in Invocations
 44838 | Elf:3    | Received a gift from Nemelex Xobeh
 44905 | Elf:3    | Identified the +2 pair of gloves "Arphuggoc" {rPois} (You
                  | found it on level 3 of the Elven Halls)
 44933 | Elf:3    | Identified the Reference Book on Feathery Changing
 44936 | Elf:3    | Identified the +1 scale mail "Nuframuf" {rC+ Regen+} (You
                  | found it on level 3 of the Elven Halls)
 45313 | Shoals:2 | Reached skill level 1 in Throwing
 45346 | Shoals:2 | Reached XP level 19. HP: 142/165 MP: 30/30
 45897 | Shoals:2 | Received a gift from Nemelex Xobeh
 45910 | Shoals:2 | Reached skill level 2 in Throwing
 46543 | Shoals:3 | Received a gift from Nemelex Xobeh
 46627 | Shoals:3 | Reached skill level 3 in Throwing
 46729 | Shoals:3 | Found a gateway to a bazaar.
 46734 | Shoals:3 | Identified the ring "Devuebut" {rPois rN+ MP+9 Dex+4
                  | Stlth+} (You found it on level 3 of the Shoals)
 46748 | Bazaar   | Entered a bazaar
 46777 | Bazaar   | Received a gift from Nemelex Xobeh
 46780 | Bazaar   | Found Irynkiz's Magic Scroll Emporium.
 46822 | Bazaar   | Found Gug Opt's Gadget Boutique.
 46878 | Bazaar   | Found Wusaemi's Jewellery Emporium.
 46935 | Bazaar   | Found Wuos's Gadget Emporium.
 46943 | Bazaar   | Bought a wand of digging (2) for 108 gold pieces
 47181 | Bazaar   | Bought a scroll of holy word for 105 gold pieces
 47181 | Bazaar   | Bought a scroll of acquirement for 728 gold pieces
 47181 | Bazaar   | Bought a scroll of fog for 28 gold pieces
 47181 | Bazaar   | Bought a scroll of fog for 28 gold pieces
 47181 | Bazaar   | Bought a scroll of enchant weapon for 105 gold pieces
 47181 | Bazaar   | Bought a scroll of teleportation for 42 gold pieces
 47181 | Bazaar   | Bought a scroll of enchant weapon for 105 gold pieces
 47181 | Bazaar   | Bought a scroll of holy word for 105 gold pieces
 47181 | Bazaar   | Acquired 580 gold pieces
 47219 | Bazaar   | Bought a wand of acid (10) for 196 gold pieces
 47262 | Bazaar   | Bought a tin of tremorstones (3/3) for 360 gold pieces
 47262 | Bazaar   | Bought a wand of clouds (4) for 216 gold pieces
 47633 | Shoals:4 | Entered Level 4 of the Shoals
 47639 | Shoals:4 | Received a gift from Nemelex Xobeh
 47787 | Shoals:4 | Reached skill level 16 in Invocations
 47814 | Shoals:4 | Found a large runed translucent door.
 47814 | Shoals:4 | Found a large runed translucent door.
 47829 | Shoals:4 | Noticed Majang's ghost (adept OpIE)
 47849 | Shoals:4 | Killed Majang's ghost
 47849 | Shoals:4 | Reached skill level 14 in Shields
 47905 | Shoals:4 | Found Kuke's Gadget Emporium.
 48274 | Shoals:4 | Reached skill level 4 in Throwing
 48301 | Shoals:4 | Got a barnacled rune of Zot
 48371 | Shoals:4 | Received a gift from Nemelex Xobeh
 48716 | Shoals:4 | Bought a wand of digging (4) for 208 gold pieces
 49239 | Vaults:1 | Entered Level 1 of the Vaults
 49259 | Vaults:1 | Received a gift from Nemelex Xobeh
 49265 | Vaults:1 | Found a shadowy altar of Dithmenos.
 49348 | Vaults:1 | Received a gift from Nemelex Xobeh
 49499 | Vaults:1 | Reached skill level 5 in Throwing
 49781 | Vaults:1 | Received a gift from Nemelex Xobeh
 50270 | Vaults:1 | Reached skill level 7 in Armour
 50325 | Vaults:1 | Received a gift from Nemelex Xobeh
 50347 | Vaults:1 | Reached XP level 20. HP: 173/173 MP: 32/32
 50716 | Vaults:2 | Reached skill level 6 in Throwing
 50752 | Vaults:2 | Noticed Margery
 50754 | Vaults:2 | Received a gift from Nemelex Xobeh
 50769 | Vaults:2 | Killed Margery
 50793 | Vaults:2 | Found Laarat's Armour Shop.
 50824 | Vaults:2 | Found a magical portal.
 50833 | WizLab   | Entered Lehudib's Moon Base
 51104 | WizLab   | Received a gift from Nemelex Xobeh
 51324 | WizLab   | Reached skill level 8 in Armour
 51368 | WizLab   | Reached skill level 15 in Shields
 51418 | WizLab   | Reached skill level 7 in Throwing
 51423 | WizLab   | Identified the +0 pair of boots of Inapinis {rElec Stlth+}
                  | (You found it in a wizard's laboratory)
 51473 | WizLab   | Gained mutation: Your magical capacity is low. (-10% MP) [a
                  | cacodemon]
 51483 | WizLab   | Gained mutation: You are dopey. (Int -2) [a cacodemon]
 51552 | WizLab   | Found a transporter.
 51680 | WizLab   | Reached skill level 9 in Armour
 51698 | WizLab   | Found a transporter.
 51711 | WizLab   | Gained mutation: Your system is resistant to poisons.
                  | (rPois) [a cacodemon]
 51792 | WizLab   | Received a gift from Nemelex Xobeh
 51814 | WizLab   | Reached skill level 8 in Throwing
 51969 | WizLab   | Paralysed by accursed screaming for 1 turns
 52490 | Vaults:2 | Lost mutation: You are very clumsy. (Dex -4) [potion of
                  | mutation]
 52490 | Vaults:2 | Lost mutation: You are clumsy. (Dex -2) [potion of
                  | mutation]
 52490 | Vaults:2 | Lost mutation: Your magical capacity is low. (-10% MP)
                  | [potion of mutation]
 52490 | Vaults:2 | Gained mutation: You occasionally shout uncontrollably at
                  | your foes. [potion of mutation]
 52490 | Vaults:2 | Gained mutation: You are clumsy. (Dex -2) [potion of
                  | mutation]
 52490 | Vaults:2 | Gained mutation: You evolve. [potion of mutation]
 52491 | Vaults:2 | Lost mutation: You evolve. [potion of mutation]
 52491 | Vaults:2 | Lost mutation: You are dopey. (Int -2) [potion of mutation]
 52491 | Vaults:2 | Gained mutation: You passively map a small area around you.
                  | [potion of mutation]
 52491 | Vaults:2 | Gained mutation: You tend to lose your temper in combat.
                  | [potion of mutation]
 52491 | Vaults:2 | Gained mutation: Your mind is acute. (Int +2) [potion of
                  | mutation]
 52492 | Vaults:2 | Lost mutation: Your mind is acute. (Int +2) [potion of
                  | mutation]
 52492 | Vaults:2 | Lost mutation: You occasionally shout uncontrollably at
                  | your foes. [potion of mutation]
 52492 | Vaults:2 | Gained mutation: You are dopey. (Int -2) [potion of
                  | mutation]
 52492 | Vaults:2 | Gained mutation: You evolve. [potion of mutation]
 52493 | Vaults:2 | Lost mutation: You are clumsy. (Dex -2) [potion of
                  | mutation]
 52493 | Vaults:2 | Lost mutation: Your system is resistant to poisons. (rPois)
                  | [potion of mutation]
 52493 | Vaults:2 | Lost mutation: You are dopey. (Int -2) [potion of mutation]
 52493 | Vaults:2 | Gained mutation: You have a pair of small antennae on your
                  | head. [potion of mutation]
 52493 | Vaults:2 | Gained mutation: You have large cloven feet. [potion of
                  | mutation]
 52494 | Vaults:2 | Lost mutation: You have large cloven feet. [potion of
                  | mutation]
 52494 | Vaults:2 | Lost mutation: You tend to lose your temper in combat.
                  | [potion of mutation]
 52494 | Vaults:2 | Gained mutation: You expend magic power (3 MP) to
                  | strengthen your wands. [potion of mutation]
 52494 | Vaults:2 | Gained mutation: You are robust. (+10% HP) [potion of
                  | mutation]
 52494 | Vaults:2 | Gained mutation: You have very sharp teeth. [potion of
                  | mutation]
 52945 | Vaults:2 | Identified the +3 pair of gloves of Keman {rF+} (You found
                  | it on level 2 of the Vaults)
 53337 | Vaults:2 | Found a staircase to the Crypt.
 53591 | Vaults:2 | Received a gift from Nemelex Xobeh
 53687 | Vaults:3 | Reached skill level 10 in Armour
 53800 | Vaults:3 | Reached skill level 9 in Throwing
 53819 | Vaults:3 | Reached XP level 21. HP: 196/196 MP: 33/33
 54213 | Vaults:3 | Received a gift from Nemelex Xobeh
 54287 | Vaults:3 | Found a large runed translucent door.
 54287 | Vaults:3 | Found a large runed translucent door.
 54288 | Vaults:3 | Noticed Erghig's ghost (adept DrIE)
 54381 | Vaults:3 | Reached skill level 10 in Throwing
 54507 | Vaults:3 | Gained mutation: Your magical capacity is low. (-10% MP) [a
                  | shining eye]
 54545 | Vaults:3 | Reached skill level 11 in Throwing
 54947 | Vaults:3 | Received a gift from Nemelex Xobeh
 55483 | Vaults:4 | Received a gift from Nemelex Xobeh
 55490 | Vaults:4 | Found a huge runed gate.
 55490 | Vaults:4 | Found a huge runed gate.
 55490 | Vaults:4 | Found a huge runed gate.
 55490 | Vaults:4 | Found a huge runed gate.
 55490 | Vaults:4 | Found a huge runed gate.
 55490 | Vaults:4 | Found a huge runed gate.
 55490 | Vaults:4 | Found a huge runed gate.
 55491 | Vaults:4 | Found a huge runed gate.
 55491 | Vaults:4 | Found a huge runed gate.
 55491 | Vaults:4 | Found a huge runed gate.
 55492 | Vaults:4 | Found a huge runed gate.
 55495 | Vaults:4 | Found a huge runed gate.
 55496 | Vaults:4 | Found a huge runed gate.
 55497 | Vaults:4 | Found a huge runed gate.
 55498 | Vaults:4 | Found a huge runed gate.
 55506 | Vaults:4 | Found a huge runed gate.
 55506 | Vaults:4 | Found a huge runed gate.
 55506 | Vaults:4 | Found a huge runed gate.
 55506 | Vaults:4 | Found a huge runed gate.
 55506 | Vaults:4 | Found a huge runed gate.
 55506 | Vaults:4 | Found a huge runed gate.
 55506 | Vaults:4 | Found a huge runed gate.
 55567 | Vaults:4 | Found a huge runed gate.
 55568 | Vaults:4 | Found a huge runed gate.
 55576 | Vaults:4 | Found a huge runed gate.
 55576 | Vaults:4 | Found a huge runed gate.
 55576 | Vaults:4 | Found a huge runed gate.
 55576 | Vaults:4 | Found a huge runed gate.
 55576 | Vaults:4 | Found a huge runed gate.
 55576 | Vaults:4 | Found a huge runed gate.
 55576 | Vaults:4 | Found a huge runed gate.
 55577 | Vaults:4 | Found a huge runed gate.
 55578 | Vaults:4 | Found a huge runed gate.
 55582 | Vaults:4 | Reached skill level 12 in Throwing
 55605 | Vaults:4 | Found a huge runed gate.
 55605 | Vaults:4 | Found a huge runed gate.
 55605 | Vaults:4 | Found a huge runed gate.
 55915 | Vaults:4 | Received a gift from Nemelex Xobeh
 56386 | Vaults:4 | Found Jiaj's Distillery.
 56394 | Vaults:4 | Bought a potion of curing for 42 gold pieces
 56394 | Vaults:4 | Bought a potion of curing for 42 gold pieces
 56394 | Vaults:4 | Bought a potion of curing for 42 gold pieces
 56394 | Vaults:4 | Bought 2 potions of curing for 84 gold pieces
 56394 | Vaults:4 | Bought a potion of haste for 140 gold pieces
 56394 | Vaults:4 | Bought a potion of haste for 140 gold pieces
 56394 | Vaults:4 | Bought a potion of mutation for 112 gold pieces
 56404 | Vaults:4 | Received a gift from Nemelex Xobeh
 56505 | Vaults:4 | Reached skill level 13 in Throwing
 56839 | Vaults:4 | Reached XP level 22. HP: 204/204 MP: 30/30
 57043 | Vaults:4 | Lost mutation: Your magical capacity is low. (-10% MP)
                  | [evolution]
 57211 | Depths:1 | Entered Level 1 of the Depths
 57223 | Depths:1 | Received a gift from Nemelex Xobeh
 57254 | Depths:1 | Found Segou's Jewellery Shoppe.
 57254 | Depths:1 | Found Qoong's Gadget Shop.
 57255 | Depths:1 | Found Huaponot's Jewellery Shoppe.
 57293 | Depths:1 | Found a gateway to Hell.
 57391 | Depths:1 | Reached skill level 14 in Throwing
 57473 | Depths:1 | Received a gift from Nemelex Xobeh
 58386 | Depths:2 | Reached skill level 15 in Throwing
 58727 | Depths:2 | Received a gift from Nemelex Xobeh
 59067 | Depths:2 | Found a gateway to a ziggurat.
 59339 | Depths:3 | Received a gift from Nemelex Xobeh
 59391 | Depths:3 | Noticed Boris
 59401 | Depths:3 | Killed Boris
 59496 | Depths:3 | Found an opulent altar of Gozag.
 59514 | Depths:3 | Reached skill level 16 in Throwing
 59828 | Depths:3 | Reached XP level 23. HP: 210/210 MP: 35/35
 59916 | Depths:3 | Identified the +5 hunting sling of Somewhere Else {vorpal,
                  | rPois rC++ Stlth+}
 59936 | Depths:3 | Noticed Frederick
 59943 | Depths:3 | Killed Frederick
 60254 | Depths:3 | Reached skill level 7 in Dodging
 60255 | Depths:3 | Found a one-way gate leading to the halls of Pandemonium.
 60277 | Depths:3 | Received a gift from Nemelex Xobeh
 60434 | Depths:3 | Reached skill level 16 in Fighting
 60734 | Depths:3 | Identified Zod Jorups's Compendium of Enchantment and
                  | Envenoming
 60814 | Depths:4 | Found a one-way gate to the infinite horrors of the Abyss.
 60814 | Depths:4 | Noticed Louise
 60832 | Depths:4 | Killed Louise
 61203 | Depths:4 | Reached skill level 11 in Armour
 61299 | Depths:4 | Received a gift from Nemelex Xobeh
 61475 | Depths:4 | Noticed a caustic shrike
 61478 | Depths:4 | Reached skill level 8 in Dodging
 61491 | Depths:4 | Killed a caustic shrike
 61508 | Depths:4 | Reached skill level 17 in Fighting
 61533 | Depths:4 | Noticed Boris
 61559 | Depths:4 | Killed Boris
 61772 | Depths:4 | Reached XP level 24. HP: 180/227 MP: 35/35
 62097 | Depths:4 | Noticed Mara
 62115 | Depths:4 | Killed Mara
 62330 | Depths:4 | Reached skill level 9 in Dodging
 62336 | Depths:4 | Noticed a juggernaut
 62361 | Depths:4 | Killed a juggernaut
 62367 | Depths:4 | Identified the Compendium of Snow
 62416 | Depths:4 | Reached skill level 18 in Fighting
 62417 | Depths:4 | Received a gift from Nemelex Xobeh
 62454 | Depths:4 | Identified the +1 leather armour of Valiance {MR+ Dex+6}
 62667 | Depths:5 | Entered Level 5 of the Depths
 62716 | Depths:5 | Reached skill level 12 in Armour
 63218 | Depths:5 | Lost mutation: You have a pair of small antennae on your
                  | head. [evolution]
 63325 | Depths:5 | Received a gift from Nemelex Xobeh
 63731 | Depths:5 | Found a gate to the Realm of Zot.
 64038 | Depths:5 | Received a gift from Nemelex Xobeh
 64061 | Depths:5 | Reached skill level 10 in Dodging
 64293 | Depths:5 | Reached skill level 19 in Fighting
 64992 | Vaults:5 | Entered Level 5 of the Vaults
 65152 | Vaults:5 | Reached XP level 25. HP: 244/244 MP: 35/35
 65221 | Vaults:5 | Reached skill level 13 in Armour
 65285 | Vaults:5 | Reached skill level 20 in Fighting
 65724 | Vaults:5 | Identified the Reference Book on Ashen Unholy Secrets
 65754 | Vaults:5 | Reached skill level 21 in Fighting
 65789 | Vaults:5 | Reached skill level 14 in Armour
 65841 | Vaults:5 | Identified the cursed +0 chain mail "Earthly Heaven" {rN+
                  | Int+3} (You found it on level 5 of the Vaults)
 65844 | Vaults:5 | Identified the cursed +0 plate armour of the Gate {*Contam
                  | rC+ Int+2}
 65854 | Vaults:5 | Received a gift from Nemelex Xobeh
 66087 | Vaults:5 | Got a silver rune of Zot
 66642 | Zot:1    | Entered Level 1 of the Realm of Zot
 66822 | Zot:1    | Received a gift from Nemelex Xobeh
 67038 | Zot:1    | Received a gift from Nemelex Xobeh
 67125 | Zot:1    | Identified the +4 dragonskin cloak
 67125 | Zot:1    | Noticed Tiamat
 67375 | Zot:1    | Reached XP level 26. HP: 253/261 MP: 0/35
 67574 | Zot:1    | Reached skill level 22 in Fighting
 68174 | Zot:1    | Killed Tiamat
 68211 | Zot:1    | Received a gift from Nemelex Xobeh
 68231 | Zot:1    | Reached skill level 15 in Armour
 68870 | Zot:2    | Noticed an orb of fire
 68983 | Zot:2    | Gained mutation: You are weak. (Str -2) [an orb of fire]
 68984 | Zot:2    | Killed an orb of fire
 69015 | Zot:2    | Reached skill level 23 in Fighting
 69716 | Zot:2    | Received a gift from Nemelex Xobeh
 70204 | Zot:3    | Identified the cursed +1 morningstar of the Key {vorpal,
                  | rElec MP+9 Str-2 Dex+8} (You found it on level 3 of the
                  | Realm of Zot)
 70280 | Zot:3    | Received a gift from Nemelex Xobeh
 70410 | Zot:3    | Noticed an orb of fire
 70426 | Zot:3    | Killed an orb of fire
 70543 | Zot:3    | Reached skill level 24 in Fighting
 70546 | Zot:3    | Reached XP level 27. HP: 225/277 MP: 35/35
 70764 | Zot:3    | Reached skill level 16 in Armour
 71686 | Zot:4    | Received a gift from Nemelex Xobeh
 72049 | Zot:4    | Received a gift from Nemelex Xobeh
 72224 | Zot:4    | Reached skill level 25 in Fighting
 72432 | Zot:5    | Entered Level 5 of the Realm of Zot
 72669 | Zot:5    | Noticed an ancient lich
 72683 | Zot:5    | Killed an ancient lich
 72688 | Zot:5    | Reached skill level 17 in Invocations
 72709 | Zot:5    | Noticed an orb of fire
 72711 | Zot:5    | Noticed an orb of fire
 72714 | Zot:5    | Gained mutation: Your magical capacity is low. (-10% MP)
                  | [an orb of fire]
 72716 | Zot:5    | Gained mutation: You are clumsy. (Dex -2) [an orb of fire]
 72716 | Zot:5    | Noticed an ancient lich
 72722 | Zot:5    | Killed an orb of fire
 72722 | Zot:5    | Reached skill level 11 in Evocations
 72724 | Zot:5    | Killed an orb of fire
 72726 | Zot:5    | Killed an ancient lich
 72872 | Zot:5    | Noticed an orb of fire
 72884 | Zot:5    | Gained mutation: Your flesh is heat resistant. (rF+) [an
                  | orb of fire]
 72891 | Zot:5    | Lost mutation: You are robust. (+10% HP) [an orb of fire]
 72895 | Zot:5    | Killed an orb of fire
 72934 | Zot:5    | Noticed an ancient lich
 72948 | Zot:5    | Killed an ancient lich
 72968 | Zot:5    | Noticed a juggernaut
 72968 | Zot:5    | a Killer Klown changed into a juggernaut
 72977 | Zot:5    | Killed a juggernaut
 73323 | Zot:5    | Received a gift from Nemelex Xobeh
 73392 | Zot:5    | Reached skill level 26 in Fighting
 73885 | Zot:5    | Reached skill level 12 in Evocations
 73889 | Zot:5    | Got the Orb of Zot
 73892 | Zot:5    | Noticed an ancient lich
 73892 | Zot:5    | Noticed an orb of fire
 73895 | Zot:5    | Noticed an orb of fire
 73896 | Zot:5    | Gained mutation: Your spells are a little easier to cast,
                  | but a little less powerful. [an orb of fire]
 74316 | D:2      | Reached skill level 18 in Invocations
 74386 | D:$      | Escaped with the Orb!

Illustrated notes

Levels and vault maps discovered:
D:1:      dpeg_arrival_prison, layout_loops_ring
D:2:      layout_basic, nemelex_xobeh_ov_fountains_minmay
D:3:      layout_rooms, minmay_misc_feat_x, grunt_decor_fettered, uniq_robin
D:4:      layout_loops_ring, serial_shops, shop, gammafunk_ghost_necromancy,
          elyvilon_altar_5
D:5:      layout_basic, gup_sewer_entry_glass, uniq_blork_the_orc
D:6:      layout_basic, overflow_temple_1_default, minmay_temple_entry_wispy,
          serial_shops, kennysheep_mini, nicolae_ossuary_entry_monument
D:7:      layout_loops_ring, basic_altar, uniq_duvessa
D:8:      layout_loops_corners, special_room [special_room_orc],
          jmf_multi_god_temple, uniq_pikel, uniq_psyche, uniq_harold
D:9:      cheibrodos_two_vegetables, layout_basic,
          gammafunk_temple_overflow_wave, orc_david_3
D:10:     minmay_bloctagon, layout_irregular_city, lair_entry_dummy,
          item_on_display_a
D:11:     layout_stronghold, nicolae_trove_entry_crystal,
          minmay_guarded_unrand_vampires_tooth
D:12:     layout_basic, serial_shops, shop, shop, uniq_gastronok, uniq_nessos
D:13:     layout_basic, grunt_vaults_entry_tiered, corexii_hall_statues_i
D:14:     layout_loops_ring, serial_bayou_pond_b, lemuel_flame_loot_1,
          uniq_frances
D:15:     grunt_enter_depths_snipers, layout_long_grid, serial_shops,
          nicolae_shop_behind_doors, shop, shop, basic_altar, special_room
          [special_room_bee], minmay_misc_feat_tiny, minivault_1,
          amethyst_killhole, lightli_church_of_beogh, uniq_jorgrun
Lair:1:   layout_long_grid, beast_lair_carwin_4, serial_bayou_shore_a
Lair:2:   layout_hall_layers, dummy_spider_entry, gauntlet_entry_generic,
          zaba_antful_of_joy
Lair:3:   layout_gridlike, minmay_shoals_entry_hut,
          chequers_serial_rivers_small_b, infiniplex_staircase_pool,
          grunt_megastairs_2
Lair:4:   layout_loops_ring
Lair:5:   layout_cave_shapes, slime_altar_1
Lair:6:   cheibrodos_lair_end_hotspot, layout_loops_ring
Shoals:1: layout_shoals, nicolae_shoals_kraken_intersection
Shoals:2: layout_shoals, nicolae_shoals_loop_pool
Shoals:3: layout_shoals, serial_shops, statue_bzr,
          nicolae_shoals_stone_sculpture_thing
Shoals:4: shoals_end_grunt_ice, layout_shoals, ebering_ghost_disaster_area,
          serial_shops, shop
Spider:1: layout_spider_delve, drop_trap, einodemon_crawler_minivault
Spider:2: layout_spider_delve, hangedman_spider_trapstep
Spider:3: layout_spider_delve, spiders_nest_ghost_moth_duel
Spider:4: floodkiller_spider_rune_tomb, uniq_donald
Orc:1:    layout_caves, serial_shops, uniq_josephine, uniq_maurice
Orc:2:    grunt_orc_gardens, layout_diamond_mine, grunt_orc_garden,
          grunt_orc_garden, grunt_orc_garden, grunt_orc_garden,
          nicolae_orc_lava_room
Elf:1:    layout_gridlike, serial_shops, nicolae_shop_stone, basic_altar,
          minmay_elf_necromancy
Elf:2:    layout_onion_city, serial_shops, nicolae_shop_statue_plus,
          basic_altar, moated_statue
Elf:3:    minmay_elf_hall_furrowed, layout_gridlike, grunt_megastairs_4
Vaults:1: grunt_vaults_twisty, ontoclasm_vaults_shuriken,
          nicolae_vaults_rhombus_6, serial_ice_b, vaults_room_pool,
          vaults_standard_mumra_enter_the_diamond, v_rooms_6,
          nicolae_vaults_circle_grid_b, vaults_room_corners,
          vaults_room_grunt_arrival_ludios, vaults_room_corners,
          vaults_dpeg_ring, layout_vaults_chaotic_city, basic_altar
Vaults:2: nicolae_vaults_three_branches, v_misc_8, v_rooms_2, v_misc_3,
          nicolae_vaults_rhombus_6, vaults_mumra_chevron,
          hangedman_vaults_nodes, grunt_vaults_swirl,
          minmay_crypt_entry_vampire_xt, ontoclasm_vaults_eye,
          vaults_dpeg_hooks, nicolae_vaults_rhombus_7, layout_vaults_omnibox,
          serial_shops, shop, mu_enter_wizlab_3, uniq_margery
Vaults:3: ebering_vaults_ghost_disaster_area, nicolae_vaults_holding_cells,
          nicolae_vaults_border_crossing, hangedman_vaults_impose,
          grunt_vaults_funnel, vaults_dpeg_doors, vaults_room_stairs_pillars,
          v_alt_pattern_2, hangedman_vaults_stagger, v_misc_8,
          vaults_room_corners, layout_vaults_omnigrid
Vaults:4: vaults_not_door_vault_due, ontoclasm_vaults_misaligned,
          ontoclasm_vaults_pinch, nicolae_vaults_arrows, vaults_room_pool,
          hangedman_vaults_maws, v_misc_8, ontoclasm_vaults_misaligned,
          nicolae_vaults_network_quinsquares
          [nicolae_vaults_network_quincunx_subvault,
          nicolae_vaults_network_quincunx_subvault,
          nicolae_vaults_network_quincunx_subvault,
          nicolae_vaults_network_quincunx_subvault], nicolae_vaults_big_ls,
          hangedman_vaults_trim, vaults_dpeg_diagonal, vaults_mumra_lcd,
          layout_vaults_maze, serial_shops, nicolae_shop_trees
Vaults:5
Depths:1: layout_long_grid, chequers_decorated_corner, grunt_mini_vestibule,
          minmay_fractal_squares_gapless_7, infiniplex_staircase_pool_lava,
          minmay_shop_grove
Depths:2: hangedman_cross_cluster, layout_cave_pools, enter_ziggurat_a,
          hangedman_decor_slide_cut, pf_dread_powers_of_hell
Depths:3: cheibrodos_lost_city_excavation, layout_gridlike, lemuel_round_altar,
          hellmouth_1, rand_demon_pan_entry_7, grunt_megastairs_3,
          infiniplex_staircase_squiggle, uniq_boris, uniq_frederick
Depths:4: kennysheep_large_vault, layout_twisted_cross, pf_hell_entry_tar_river,
          nicolae_abyss_entry_one_way_or_another, uniq_mara
Depths:5: grunt_x_marks_the_spot, layout_cave_shapes, hell_entry,
          grunt_pan_entry_sceptre, serial_co_window_serial, co_window_paths_a,
          co_window_paths_a, co_window_corner_a, co_window_paths_a,
          co_window_corner_a, co_window_cross_3, co_window_broadway_c,
          co_window_corner_cb, co_window_cross_4, co_window_4corner_a,
          glass_columns_a, glass_columns_a, glass_columns_a, drop_trap
Zot:1:    lemuel_draconian_sentries_small, layout_cathedral_of_symmetry,
          st_small_dragon_hoard_4, hangedman_zot_decor_slant,
          st_grand_hoard_of_tiamat
Zot:2:    layout_concentric_octagons, hangedman_elemental_grid_stream
Zot:3:    layout_gridville, hangedman_elemental_corridor
Zot:4:    layout_basic
Zot:5:    layout_misc_corridors, st_stairs_7

Skill      XL: |  1  2  3  4  5  6  7  8  9 10 11 12 13 14 15 16 17 18 19 20 21 22 23 24 25 26 27 |
---------------+----------------------------------------------------------------------------------+-----
Fighting       | 4 5 7 8 10 11 12 13 14 15 17 19 21 24 26 | 26.2
Invocations    | 1 2 3 4 5 7 8 10 11 13 15 16 18 | 18.0
Axes           | 3 4 5 7 9 11 12 13 14 16 18 | 18.0
Shields        | 2 4 5 6 8 10 12 13 14 15 | 15.0
Dodging        | 3 4 6 8 10 | 10.0
Evocations     | 3 4 5 9 10 12 | 12.1
Armour         | 2 4 5 6 7 10 11 12 14 15 16 | 16.0
Throwing       | 1 5 9 13 16 | 16.0
Stealth        | |  3.3

Action                   |  1- 3 |  4- 6 |  7- 9 | 10-12 | 13-15 | 16-18 | 19-21 | 22-24 | 25-27 || total
-------------------------+-------+-------+-------+-------+-------+-------+-------+-------+-------++-------
Melee: Hand axe          |   113 |   199 |    79 |       |       |       |       |       |       ||   391
       Tailslap          |    20 |    22 |    66 |    79 |   198 |   213 |   299 |   346 |   360 ||  1603
       War axe           |       |       |   426 |   284 |       |       |       |       |       ||   710
       Broad axe         |       |       |       |   326 |  1409 |  1679 |  1468 |  1499 |  1407 ||  7788
       Quick blade       |       |       |       |       |     3 |       |       |       |       ||     3
       Bite              |       |       |       |       |       |       |   121 |   279 |   270 ||   670
Throw: Javelin           |       |       |       |     1 |       |       |       |     2 |    23 ||    26
       Throwing net      |       |       |       |     1 |     3 |       |       |       |     1 ||     5
       Boomerang         |       |       |       |       |       |       |       |       |    46 ||    46
Invok: Draw Destruction  |     4 |     9 |    14 |     8 |    19 |    35 |     5 |       |       ||    94
       Draw Summoning    |       |       |     1 |     5 |     7 |    21 |     5 |     5 |       ||    44
       Draw Escape       |       |       |     1 |       |     1 |       |       |       |       ||     2
       Stack Five        |       |       |       |       |     1 |       |       |       |       ||     1
       Draw Stack        |       |       |       |       |     1 |       |       |     1 |       ||     2
       Deal Four         |       |       |       |       |       |     1 |       |       |     1 ||     2
 Abil: Rolling Charge    |    20 |    16 |    25 |    15 |    22 |    84 |    10 |     3 |     4 ||   199
       Evoke Invisibilit |       |       |       |     2 |       |     3 |       |       |       ||     5
Evoke: Wand              |       |       |     5 |    11 |    42 |    10 |     8 |    16 |    13 ||   105
       Phial of floods   |       |       |       |       |     3 |       |       |       |       ||     3
       Phantom mirror    |       |       |       |       |       |     1 |       |       |       ||     1
       Tin of tremorston |       |       |       |       |       |       |     5 |     6 |     5 ||    16
  Use: Potion            |     2 |       |     2 |     3 |    12 |    14 |     7 |     5 |     2 ||    47
       Scroll            |       |     4 |    10 |    13 |    17 |    18 |    15 |     1 |    26 ||   104
 Stab: Sleeping          |     5 |     1 |     6 |     1 |     1 |       |       |       |       ||    14
       Distracted        |       |     1 |     1 |       |       |     3 |     1 |     1 |     2 ||     9
       Confused          |       |     1 |       |       |       |       |       |       |       ||     1
       Invisible         |       |       |       |    12 |       |    12 |       |       |       ||    24
       Paralysed         |       |       |       |       |     3 |     9 |       |       |    15 ||    27
       Held in net/web   |       |       |       |       |     1 |       |       |       |     3 ||     4
       Petrified         |       |       |       |       |       |     7 |     3 |       |       ||    10
       Petrifying        |       |       |       |       |       |     2 |       |       |       ||     2
Armor: Leather armour    |    41 |     5 |       |       |       |       |       |       |       ||    46
       Ring mail         |       |    70 |   242 |   192 |   289 |       |       |       |       ||   793
       Chain mail        |       |       |       |     2 |   215 |    25 |   224 |   393 |   165 ||  1024
       Scale mail        |       |       |       |     2 |       |       |       |       |       ||     2
       Plate armour      |       |       |       |       |     5 |   794 |       |       |       ||   799
       Gold dragon scale |       |       |       |       |       |       |       |       |   305 ||   305
Dodge: Dodged            |    48 |   100 |   215 |   164 |   277 |   201 |   105 |   159 |   186 ||  1455
Block: Buckler           |       |       |    32 |    53 |       |       |       |       |       ||    85
       Reflection        |       |       |       |     7 |    47 |    66 |   234 |    54 |    43 ||   451
       Kite shield       |       |       |       |   331 |   376 |       |       |       |       ||   707
       Tower shield      |       |       |       |       |   897 |  2112 |  1502 |  1572 |  1517 ||  7600

Table legend: (Time is in decaauts)
 A = Elapsed time spent in this place.
 B = Non-inter-level travel time spent in this place.
 C = Inter-level travel time spent in this place.
 D = Time resting spent in this place.
 E = Time spent auto-exploring this place.
 F = Levels seen in this place.
 G = Mean time per level.
                   A        B        C        D        E       F      G
               +--------+--------+--------+--------+--------+-----+--------+
         Total |  73162 |  69035 |   4127 |   6449 |  47060 |  55 | 1330.2 |
       Dungeon |  21188 |  19540 |   1648 |    958 |  14561 |  15 | 1412.5 |
          Lair |   7595 |   6993 |    602 |    735 |   5061 |   6 | 1265.8 |
        Shoals |   4627 |   4268 |    359 |    494 |   2812 |   4 | 1156.8 |
   Spider Nest |   5495 |   5262 |    233 |    128 |   3905 |   4 | 1373.8 |
  Orcish Mines |   1358 |   1216 |    142 |      7 |    810 |   2 |  679.0 |
   Elven Halls |   6880 |   6773 |    107 |   1390 |   4117 |   3 | 2293.3 |
        Vaults |   7336 |   6908 |    428 |      0 |   4931 |   5 | 1467.2 |
        Depths |   7404 |   7028 |    376 |    466 |   4788 |   5 | 1480.8 |
           Zot |   7071 |   6843 |    228 |   1517 |   3869 |   5 | 1414.2 |
         Abyss |    232 |    232 |      0 |     61 |      8 |   2 |  116.0 |
        Bazaar |    571 |    571 |      0 |      0 |    421 |   1 |  571.0 |
       Ossuary |    888 |    888 |      0 |      0 |    640 |   1 |  888.0 |
        Wizlab |   1564 |   1564 |      0 |    257 |    815 |   1 | 1564.0 |
      Gauntlet |    945 |    945 |      0 |    434 |    317 |   1 |  945.0 |
               +--------+--------+--------+--------+--------+-----+--------+

Top non-repeatable levels by time:
   Elf:3: 2454 daAuts
Spider:4: 2343 daAuts
   Elf:2: 2263 daAuts
   Zot:1: 2203 daAuts
   Elf:1: 2162 daAuts
    D:15: 2099 daAuts
Depths:4: 2098 daAuts
    D:14: 2013 daAuts
Vaults:3: 1812 daAuts
  Lair:2: 1770 daAuts
Depths:5: 1758 daAuts
     D:9: 1742 daAuts
     D:8: 1710 daAuts
     D:2: 1642 daAuts
Vaults:4: 1580 daAuts
